 Dungeon Crawl Stone Soup version 0.30.1-3-gfc49f6343a (webtiles) character file.

Game seed: 14344087915609367244

1525 Wiggles the Cleaver (level 8, -8/73 HPs)
             Began as a Minotaur Berserker on July 19, 2023.
             Was a High Priest of Trog.
             Mangled by Maggie
             ... wielding a +2 long sword of distortion
              (20 damage)
             ... on level 7 of the Dungeon.
             The game lasted 00:12:56 (5873 turns).

Wiggles the Cleaver (Minotaur Berserker)            Turns: 5873, Time: 00:12:56

Health: -8/73      AC: 11    Str: 24    XL:     8   Next: 54%
Magic:  7/7        EV: 11    Int:  4    God:    Trog [*****.]
Gold:   133        SH:  0    Dex: 10    Spells: 7/7 levels left

rFire   + . .        y - +4 battleaxe (venom)
rCold   + . .        (shield currently unavailable)
rNeg    . . .        z - +1 scale mail {rF+}
rPois   .            (helmet restricted)
rElec   .            (no cloak)
rCorr   +            (no gloves)
SInv    .            v - +2 pair of boots
Will    .....        (no amulet) Stlth
                     j - ring of protection from cold
HPRegen 0.32/turn    n - ring of resist corrosion
MPRegen 0.10/turn

%: no passive effects
@: mesmerised
A: horns 2, retaliatory headbutt
a: Renounce Religion, Berserk, Trog's Hand, Brothers in Arms


You were on level 7 of the Dungeon.
You worshipped Trog.
Trog was extremely pleased with you.
You visited 1 branch of the dungeon, and saw 7 of its levels.

You collected 397 gold pieces.
You spent 264 gold pieces at shops.

Inventory:

Hand Weapons
 y - a +4 battleaxe of venom (weapon)
Missiles
 l - 6 silver boomerangs (quivered)
Armour
 v - a +2 pair of boots (worn)
 z - a +1 scale mail of fire resistance (worn)
Jewellery
 f - an amulet of magic regeneration
 j - a ring of protection from cold (left hand)
 n - a ring of resist corrosion (right hand)
Wands
 w - a wand of flame (29)
Scrolls
 c - 3 scrolls of teleportation
 d - 2 scrolls of brand weapon
 g - a scroll of poison {unknown}
 p - a scroll of blinking
Potions
 a - a potion of mutation {unknown}
 b - 2 potions of lignification
 e - 2 potions of resistance
 h - 6 potions of curing
 m - 2 potions of heal wounds
 q - 2 potions of haste
 s - a potion of flight {unknown}
 u - a potion of attraction {unknown}
 x - a potion of invisibility {unknown}


   Skills:
 + Level 7.0 Fighting
 + Level 9.8 Axes
 + Level 5.8 Armour
 + Level 3.9 Dodging
 + Level 1.0 Stealth


You had 7 spell levels left.
You didn't know any spells.
Your spell library was empty.

Dungeon Overview and Level Annotations

Branches:
Dungeon (7/15)             Temple (0/1) D:6

Altars:
Ru
Vehumet

Shops:
D:5 ***(

Annotations:
D:7 Maggie


Innate Abilities, Weirdness & Mutations

You have a pair of horns on your head.
You reflexively headbutt those who attack you in melee.


Message History

You kill the killer bee!
Trog accepts your kill.
A white imp comes into view.
The white imp shouts!
Things that are here:
a killer bee corpse; a killer bee corpse Maggie the Vainglorious comes into view.
She is wielding a +2 long sword of distortion.
Maggie shouts!
The white imp gestures at you. The puff of frost hits you. You resist.
Maggie drinks a potion.
Maggie seems to speed up.
Things that are here:
a killer bee corpse; a killer bee corpse Maggie mumbles some strange words.
Maggie attempts to bespell you! You resist with some effort.
Maggie mumbles some strange words.
Maggie attempts to bespell you!
You are mesmerised by Maggie!
You cannot move away from Maggie!
You cannot move away from Maggie!
Maggie casts a spell.
Maggie draws you further into her thrall.
The white imp hits you but does no damage.
You are too mesmerised to rage.
The white imp gestures at you. The puff of frost misses you.
You closely miss the white imp.
Maggie gestures wildly while chanting.
Maggie draws you further into her thrall.
The white imp hits you. The white imp freezes you. You resist.
You barely miss the white imp. Your headbutt misses the white imp.
You slash Maggie!
Maggie is poisoned.
Maggie hits you with a +2 long sword of distortion.
Space warps horribly around you!!
* * * LOW HITPOINT WARNING * * *
The white imp closely misses you.
Maggie hits you with a +2 long sword of distortion.
* * * LOW HITPOINT WARNING * * *
Space warps horribly around you!!
You die...

##....## ##......##
#........##
##.........####
##..#..........####
##..###.........[..##
##..##...............#
##..#####...........#
#...# ####....@...##
#..## ###..5@...##
..## ##.......### ..##
#.†.......# #..###
##......... ###..##
......$.... ####..##
.............
..###..##
#..............
.....#..#
###............


You could see Maggie (mesmerising, fast, very poisoned) and a white imp.

Vanquished Creatures
  A water moccasin (D:7)
  An orc warrior (D:6)
  A phantom (D:6)
  A kobold brigand (D:5)
  A scorpion (D:5)
  4 killer bees (D:7)
  2 howler monkeys
  4 orc priests
  2 sleepcaps
  2 hounds
  3 jellies (D:6)
  4 iguanas
  6 orc wizards
  Robin (D:2)
  12 adders
  4 ufetubi
  2 worms
  2 dart slugs (D:1)
  18 orcs
  8 ball pythons
  9 endoplasms
  6 giant cockroaches
  11 hobgoblins
  4 jackals (D:1)
  25 kobolds
  5 quokkas
  A bat (D:3)
  A frilled lizard (D:1)
  22 goblins
  3 rats (D:3)
166 creatures vanquished.

Notes
Turn   | Place    | Note
-------+----------+-------------------------------------------
     0 | D:1      | Wiggles the Minotaur Berserker began the quest for the Orb.
     0 | D:1      | Reached XP level 1. HP: 19/19 MP: 0/0
   125 | D:1      | Reached skill level 4 in Axes
   125 | D:1      | Reached XP level 2. HP: 27/27 MP: 1/1
   409 | D:1      | Reached XP level 3. HP: 29/34 MP: 2/2
   656 | D:1      | Reached ** piety under Trog
   780 | D:1      | Found a faded altar of an unknown god.
  1381 | D:2      | Identified the +2 helmet of the Stars {Harm rCorr}
  1381 | D:2      | Noticed Robin
  1386 | D:2      | Reached XP level 4. HP: 39/41 MP: 3/3
  1395 | D:2      | Killed Robin
  1701 | D:2      | You fall into a shaft and drop 2 floors!
  2180 | D:3      | Reached skill level 5 in Axes
  2373 | D:3      | Reached *** piety under Trog
  2381 | D:3      | Found a faded altar of an unknown god.
  2609 | D:3      | Reached XP level 5. HP: 47/47 MP: 4/4
  2833 | D:3      | Reached skill level 5 in Fighting
  3448 | D:4      | Reached skill level 6 in Axes
  3467 | D:4      | Reached XP level 6. HP: 56/56 MP: 5/5
  3789 | D:5      | Entered Level 5 of the Dungeon
  3858 | D:5      | Found Plog's Assorted Antiques.
  3916 | D:5      | Bought a glowing battleaxe for 152 gold pieces
  4046 | D:5      | Reached **** piety under Trog
  4050 | D:5      | Reached XP level 7. HP: 61/61 MP: 6/6
  4057 | D:5      | Reached skill level 7 in Axes
  4149 | D:5      | Found Suoduzy's General Store.
  4282 | D:5      | Found a radiant altar of Vehumet.
  4293 | D:5      | Found Udaelejoxi's Assorted Antiques.
  4435 | D:5      | Found Opte's Antique Weapon Boutique.
  4578 | D:5      | Bought a runed scale mail for 112 gold pieces
  5176 | D:6      | Reached skill level 8 in Axes
  5184 | D:6      | Reached skill level 5 in Armour
  5256 | D:6      | Identified the +0 ring mail of Uhyon {rF+}
  5307 | D:6      | Found a staircase to the Ecumenical Temple.
  5333 | D:6      | Reached XP level 8. HP: 63/70 MP: 7/7
  5337 | D:6      | Reached skill level 9 in Axes
  5739 | D:6      | Found a sacrificial altar of Ru.
  5768 | D:7      | Reached ***** piety under Trog
  5769 | D:7      | Reached skill level 1 in Stealth
  5863 | D:7      | Noticed Maggie
  5873 | D:7      | Mangled by Maggie

Illustrated notes

Levels and vault maps discovered:
D:1:      dpeg_arrival_morbid_curiosity, layout_basic, basic_ecumenical_altar,
          hangedman_decor_lopped, grunt_decor_cap, minmay_fountain_box,
          minmay_split_cup_large
D:2:      layout_basic, uniq_robin
D:3:      layout_loops_ring, nicolae_overflow_ecumenical_swirl,
          minmay_misc_feat_x, minmay_cut_off
D:4:      layout_gridville
D:5:      kennysheep_kobold_camp, layout_rooms, vehumet_altar_wand_db,
          serial_shops, nicolae_shop_rolling_square, shop, shop, shop,
          minmay_misc_feat_plants, nicolae_fountain_basement
D:6:      layout_gridville, nicolae_ru_path_of_blood, minmay_temple_entry_tees
D:7:      minmay_evil_eye, layout_cave_pods, uniq_maggie, uniq_pikel

Skill      XL: |  1  2  3  4  5  6  7  8 |
---------------+-------------------------+-----
Axes           | 4 5 6 8 9 |  9.8
Fighting       | 4 5 6 7 |  7.0
Armour         | 3 4 5 |  5.8
Dodging        | 3 |  3.9
Stealth        | 1 |  1.0

Action                     |  1- 3 |  4- 6 |  7- 9 || total
---------------------------+-------+-------+-------++-------
  Melee: Hand axe          |    73 |   143 |       ||   216
         Headbutt          |    13 |    36 |    11 ||    60
         Punch             |     1 |     1 |       ||     2
         War axe           |       |    27 |       ||    27
         Battleaxe         |       |    23 |    66 ||    89
 Invoke: Berserk           |       |       |     1 ||     1
    Use: Scroll            |       |       |    18 ||    18
 Armour: Animal skin       |    15 |       |       ||    15
         Ring mail         |     7 |    96 |    12 ||   115
         Scale mail        |       |       |    29 ||    29
  Dodge: Dodged            |    48 |   104 |    69 ||   221
